 Dungeon Crawl Stone Soup version 0.30-a0-948-g4fa250aae5 (webtiles) character file.

Game seed: 4404780616118382341

426293 bearlyready the Bludgeoner (level 22, 0/316 HPs)
             Began as an Armataur Fighter on Mar 25, 2023.
             Was a High Priest of Cheibriados.
             Killed by divine providence
             ... invoked by a balrug
             ... summoned by a dread lich
              (12 damage)
             ... on level 5 of the Vaults on Mar 26, 2023.
             The game lasted 01:36:46 (50315 turns).

bearlyready the Bludgeoner (Armataur Fighter)      Turns: 50315, Time: 01:36:46

Health: 0/316      AC: 56    Str: 47    XL:     22   Next: 75%
Magic:  3/32       EV:  8    Int: 22    God:    Cheibriados [*****.]
Gold:   1823       SH: 34    Dex: 26    Spells: 26/35 levels left

rFire   + + +      SeeInvis .    Q - +6 morningstar of Eternal Vigilance {heavy, Will+ Int+3}
rCold   + . .      Faith    .    o - +10 tower shield of Ignorance {rN+ Int-4}
rNeg    + + .      Spirit   .    C - +13 plate armour of the First Snow {-Tele Harm rF+ Str+3}
rPois   +          Reflect  .    d - +0 helmet
rElec   .          Roll     +    T - +2 cloak
rCorr   .          NoTele   +    s - +2 pair of gloves of Hadjma {Regen+}
Will    ++...      Harm     + .  F - +10 Black Knight's barding {ponderous, rPois rN+} Stlth
                                 y - amulet "Dievoig" {Acrobat Contam rPois rF++ Slay+5}
HPRegen 1.52/turn                B - ring of flight
MPRegen 0.23/turn                q - ring of protection from cold

@: berserking, flying, very slow
A: large, rugged brown scales 3, deformed body, armoured tail, roll, long
tongue, awkward tongue
}: 2/15 runes: barnacled, gossamer
a: Renounce Religion, Bend Time, Temporal Distortion, Slouch, Step From Time


You were on level 5 of the Vaults.
You worshipped Cheibriados.
Cheibriados was extremely pleased with you.
You visited 8 branches of the dungeon, and saw 39 of its levels.
You visited the Abyss 2 times.
You also visited: Desolation.

You collected 4643 gold pieces.
You spent 2820 gold pieces at shops.

Inventory:

Hand Weapons
 Q - the +6 morningstar of Eternal Vigilance (weapon) {heavy, Will+ Int+3}
   (You found it in the Desolation of Salt)

   Int:       It affects your intelligence (+3).
   Will:      It increases your willpower.
Missiles
 a - 7 throwing nets (quivered)
 b - 17 silver javelins
 u - 31 boomerangs
 I - 7 boomerangs of dispersal
Armour
 d - a +0 helmet (worn)
 o - the +10 tower shield of Ignorance (worn) {rN+ Int-4}
   (You acquired it on level 15 of the Dungeon)

   Int:       It affects your intelligence (-4).
   rN:        It protects you from negative energy.
 s - the +2 pair of gloves of Hadjma (worn) {Regen+}
   (You acquired it on level 4 of the Vaults)

   Regen:     It increases your rate of health regeneration.
 C - the +13 plate armour of the First Snow (worn) {-Tele Harm rF+ Str+3}
   (You found it in the Desolation of Salt)

   Str:       It affects your strength (+3).
   rF:        It protects you from fire.
   -Tele:     It prevents most forms of teleportation.
   Harm:      It increases damage dealt and taken.
 F - the +10 Black Knight's barding (worn) {ponderous, rPois rN+}
   (You bought it in a shop on level 12 of the Dungeon)

   rPois:     It protects you from poison.
   rN:        It protects you from negative energy.
 T - a +2 cloak (worn)
Jewellery
 p - a ring of see invisible
 q - a ring of protection from cold (right hand)
 y - the amulet "Dievoig" (around neck) {Acrobat Contam rPois rF++ Slay+5}
   (You found it on level 2 of the Shoals)

   [amulet of the acrobat]

   It increases your evasion while moving and waiting.
   Slay:      It affects your accuracy & damage with ranged weapons and melee
   (+5).
   rF:        It greatly protects you from fire.
   rPois:     It protects you from poison.
   Contam:    It causes magical contamination when unequipped.
 B - a ring of flight (left hand)
 Y - the amulet of the Four Winds {rN+ Will+++ Clar}
   (You found it on level 2 of the Vaults)

   [amulet of nothing]

   rN:        It protects you from negative energy.
   Clar:      It protects you against confusion.
   Will:      It greatly increases your willpower.
Wands
 h - a wand of paralysis (13)
 w - a wand of flame (9)
 x - a wand of mindburst (6)
 z - a wand of roots (14)
 A - a wand of quicksilver (3)
 H - a wand of digging (10)
Scrolls
 f - 2 scrolls of fog
 g - 7 scrolls of fear
 j - 13 scrolls of teleportation
 k - a scroll of enchant weapon
 l - a scroll of blinking
 D - 10 scrolls of enchant armour
 J - a scroll of silence
 N - 4 scrolls of amnesia
 V - 4 scrolls of brand weapon
 W - 4 scrolls of magic mapping
 X - 3 scrolls of torment
Potions
 e - 18 potions of curing
 i - 3 potions of attraction
 m - 2 potions of resistance
 n - 7 potions of flight
 r - 2 potions of berserk rage
 t - 9 potions of ambrosia
 E - 8 potions of mutation
 G - 4 potions of cancellation
 K - 5 potions of brilliance
 L - 7 potions of might
 R - 3 potions of heal wounds
 S - 5 potions of lignification
Miscellaneous
 c - a lightning rod (4/4)
 v - a box of beasts
 O - a tin of tremorstones (1/2)
 P - a phial of floods
 Z - a phantom mirror


   Skills:
 + Level 16.6 Fighting
 + Level 20.3 Maces & Flails
 - Level 9.2 Throwing
 + Level 18.2 Armour
 - Level 5.0 Dodging
 + Level 18.9 Shields
 - Level 7.0 Spellcasting
 + Level 8.7 Transmutations
 - Level 9.0 Invocations
 - Level 10.3 Evocations


You had 26 spell levels left.
You knew the following spells:

 Your Spells              Type           Power      Damage    Failure   Level
a - Frozen Ramparts       Ice            14%        1d3       77%         3
b - Olgreb's Toxic Radia  Pois           7%         N/A       99%         4
c - Wereblood             Tmut           46%        N/A       1%          2

Your spell library contained the following spells:

 Spells                   Type           Power      Damage    Failure   Level
 Beastly Appendage        Tmut           92%        N/A       1%          1
 Sting                    Tmut/Pois      100%       1d8       7%          1
 Spider Form              Tmut/Pois      26%        N/A       22%         3
 Blade Hands              Tmut           23%        N/A       32%         5
 Apportation              Tloc           14%        N/A       38%         1
 Foxfire                  Conj/Fire      28%        2x1d5     38%         1
 Kiss of Death            Conj/Necr      28%        2d7       38%         1
 Magic Dart               Conj           28%        1d4       38%         1
 Shock                    Conj/Air       28%        1d4       38%         1
 Slow                     Hex            28%        N/A       38%         1
 Blink                    Tloc           14%        N/A       54%         2
 Call Imp                 Summ           7%         N/A       54%         2
 Cigotuvi's Dreadful Rot  Necr/Pois/Air  14%        N/A       54%         2
 Poisonous Vapours        Pois/Air       14%        N/A       54%         2
 Scorch                   Fire           14%        2d5       54%         2
 Static Discharge         Conj/Air       14%        2-3/arc   54%         2
 Sublimation of Blood     Necr           7%         N/A       54%         2
 Ice Form                 Ice/Tmut       26%        N/A       56%         4
 Confusing Touch          Hex            7%         N/A       77%         3
 Dazzling Flash           Conj/Hex       14%        N/A       77%         3
 Inner Flame              Hex/Fire       7%         N/A       77%         3
 Kindle Blastsparks       Fire/Tloc/Air  14%        2d11      77%         3
 Mephitic Cloud           Conj/Pois/Air  7%         N/A       77%         3
 Ozocubu's Armour         Ice            7%         N/A       77%         3
 Stone Arrow              Conj/Erth      14%        3d7       77%         3
 Summon Guardian Golem    Hex/Summ       7%         N/A       77%         3
 Swiftness                Air            7%         N/A       77%         3
 Vampiric Draining        Necr           7%         2d6       77%         3
 Vhi's Electric Charge    Tloc/Air       14%        N/A       77%         3
 Irradiate                Conj/Tmut      13%        3d16      89%         5
 Airstrike                Air            3%         2d(1-17)  99%         4
 Animate Armour           Summ/Erth      14%        N/A       99%         4
 Cause Fear               Hex            3%         N/A       99%         4
 Dispel Undead            Necr           7%         3d8       99%         4
 Flame Wave               Conj/Fire      7%         2d5       99%         4
 Fulminant Prism          Conj/Hex       3%         3d5       99%         4
 Iskenderun's Mystic Bla  Conj/Tloc      7%         2d4       99%         4
 Manifold Assault         Tloc           7%         N/A       99%         4
 Passage of Golubria      Tloc           7%         N/A       99%         4
 Summon Ice Beast         Ice/Summ       7%         N/A       99%         4
 Agony                    Necr           7%         N/A       100%        5
 Arcjolt                  Conj/Air       3%         1d13      100%        5
 Lee's Rapid Deconstruct  Erth           3%         3d5*      100%        5
 Metabolic Englaciation   Hex/Ice        3%         N/A       100%        5
 Plasma Beam              Fire/Air       3%         2x1d15    100%        5
 Silence                  Hex/Air        3%         N/A       100%        5
 Summon Forest            Summ/Tloc      3%         N/A       100%        5
 Summon Mana Viper        Hex/Summ       7%         N/A       100%        5
 Dispersal                Tloc           3%         N/A       100%        6
 Eringya's Noxious Bog    Tmut/Pois      13%        N/A       100%        6
 Starburst                Conj/Fire      3%         6d3       100%        6
 Summon Cactus Giant      Summ           3%         N/A       100%        6
 Dragon Form              Tmut           23%        N/A       100%        7
 Orb of Destruction       Conj           3%         9d5       100%        7
 Ozocubu's Refrigeration  Ice            3%         4d8       100%        7
 Spellforged Servitor     Conj/Summ      3%         N/A       100%        7
 Storm Form               Tmut/Air       13%        N/A       100%        7
 Summon Hydra             Summ           3%         N/A       100%        7
 Disjunction              Tloc           3%         N/A       100%        8
 Ignition                 Fire           3%         3d4       100%        8
 Lehudib's Crystal Spear  Conj/Erth      3%         10d3      100%        8
 Maxwell's Capacitive Co  Air            3%         ∞         100%        8
 Death's Door             Necr           3%         N/A       100%        9
 Dragon's Call            Summ           3%         N/A       100%        9
 Polar Vortex             Ice            3%         N/A       100%        9


Dungeon Overview and Level Annotations

Branches:
Dungeon (15/15)            Temple (1/1) D:4            Lair (5/5) D:9
 Shoals (4/4) Lair:3       Spider (4/4) Lair:2        Slime (0/5) Lair:5
    Orc (2/2) D:10            Elf (3/3) Orc:2        Vaults (5/5) D:14
  Crypt (0/3) Vaults:2     Depths (0/4) D:15        Desolation (visited)

Altars:
Ashenzari
Cheibriados
Dithmenos
Elyvilon
Fedhas
Gozag
Hepliaklqana
Kikubaaqudgha
Makhleb
Nemelex Xobeh
Okawaru
Qazlal
Ru
Sif Muna
Trog
Uskayaw
Vehumet
Wu Jian
Xom
Yredelemnul
Zin
The Shining One

Shops:
D:7 [*:[   D:10 *   D:12 [   Orc:1 (   Orc:2 =[*(   Elf:1 (!(:   Elf:2 ?
Shoals:2 [   Shoals:3 [   Vaults:1 =!([[   Vaults:4 ?

Portals:
Trove: Elf:3 (give +2 gold dragon scales)

Annotations:
D:13 Rupert
D:14 Roxanne
Lair:4 exclusion: oklob plant
Lair:5 1 runed translucent door


Innate Abilities, Weirdness & Mutations

You are completely covered in rugged brown scales. (AC +3, +7% HP)
Armour fits poorly on your strangely shaped body.
You have a long armoured tail.
You roll when moving toward enemies. (Rampage)
Your long tongue fully drains potion bottles. (2x potion effects)
Your tongue gives you trouble enunciating. (1.5x scroll delay)


Message History

The stone giant hits your deep elf knight!!
The titan hits you but does no damage.
Your deep elf knight gestures at the stone giant while chanting.
The lance of force hits the stone giant!
The stone giant is knocked back by the lance of force.
The stone giant collides with something!
The stone giant is almost dead.
You block the tengu reaver's attack.
The tengu reaver pecks you but does no damage.
You block the tengu reaver's attack. You block the war gargoyle's attack.
You are too berserk!
You completely miss the vault warden. You tail-slap the vault warden!
You kill the vault warden!
Cheibriados thoroughly appreciates the change of pace.
The runic seals fade away.
The balrug hits you but does no damage.
Something touches you but does no damage.
A two-headed ogre comes into view. It is wielding two +0 giant clubs.
Your deep elf knight points at the stone giant and mumbles some strange words.
The shard of ice hits the stone giant!!
The stone giant dies!
Cheibriados thoroughly appreciates the change of pace.
The war gargoyle hits you but does no damage.
You block the tengu reaver's attack.
The tengu reaver pecks you but does no damage.
You block the tengu reaver's attack.
Your tin of tremorstones (1/2) has regained one charge.
You block the war gargoyle's attack.
The vault sentinel blows a loud note on a signal horn!
You block the titan's attack.
You hear some strange, mumbled words.
Something tries to affect you, but you resist.
The deep troll bites you but does no damage.
You block the deep troll's attack.
The deep troll claws you but does no damage.
The deep troll closely misses you.
The deep troll claws you but does no damage. x2
Your deep elf knight hits the stone giant with a +0 short sword!
The balrug gestures at you. Something smites you!
You die...

.....#....# .
.)..#....#.#
)..#....#!##
).#.......#
#T.........
#####.†B[[....#
....[eT9CQ[....
....[†C@TD<...)
.....2Q[1<.....
.......2p[)....
#####)))[))..).
.).....[[.#
.#.#OO....#(
)#.##..O..#)#
.#.( #(...#.#p


You could see a Hell Sentinel (summoned), an iron dragon, a titan (distracted),
a stone giant, 2 tengu reavers, 2 balrugs, an entropy weaver, 2 two-headed
ogres, an ogre mage, 3 deep trolls, a war gargoyle, 2 vault sentinels and a
friendly deep elf knight (summoned).

Vanquished Creatures
  Xtahua (Vaults:2)
  A golden dragon (Vaults:5)
  Nikola (Shoals:3)
  Arachne (Spider:2)
  A tentacled monstrosity (Vaults:5)
  Jorgrun (Orc:2)
  A shard shrike skeleton (Abyss:4)
  2 liches
  Mlioglotl (Spider:4)
  2 quicksilver dragons (Vaults:5)
  A deep elf master archer (Elf:3)
  Asterion (Vaults:2)
  2 titans (Vaults:5)
  A deep elf blademaster (Elf:3)
  2 krakens
  2 sphinxes (Shoals:4)
  Kirke (D:14)
  4 tentacled starspawn
  3 shadow dragons
  3 storm dragons (Vaults:5)
  A fire giant (Vaults:5)
  An iron dragon (Vaults:4)
  Ilsuiw (Shoals:2)
  2 imperial myrmidons (Desolation)
  4 ghost moths
  10 vault wardens
  5 deep elf sorcerers
  5 emperor scorpions
  The ghost of pigah the Stormcaller, an adept OpWn of Gozag (D:13)
  Louise (Elf:1)
  3 war gargoyles
  2 broodmothers
  2 orc warlords
  12 ironbound preservers
  3 deep elf elementalists (Elf:3)
  2 stone giants
  5 ironbound thunderhulks
  A vampire knight (Vaults:2)
  11 deep elf demonologists
  10 very ugly things
  15 dire elephants
  A halazid warlock (Desolation)
  11 deep elf annihilators (Elf:3)
  2 minotaurs (Shoals:4)
  5 ettins
  An eidolon (Abyss:4)
  16 ragged hierophants (Desolation)
  3 merfolk impalers
  3 spark wasps
  3 deep elf death magi (Elf:3)
  3 merfolk javelineers (Shoals:3)
  3 crystal guardians
  12 yaktaur captains
  3 entropy weavers
  12 great orbs of eyes
  5 deep elf high priests
  7 peacekeepers
  33 vault guards
  2 radroaches (Spider:4)
  3 hydras
  10 servants of whispers (Desolation)
  Harold (Lair:2)
  7 boulder beetles
  7 ironbound frosthearts
  2 merfolk avatars
  17 centaur warriors
  10 two-headed ogres
  2 tengu warriors
  29 dancing weapons
  13 satyrs (Shoals:4)
  4 thrashing horrors (Abyss:2)
  A naga warrior (Abyss:4)
  A hell hog (Abyss:3)
  2 orc high priests
  Urug (D:13)
  16 deep elf knights
  4 pharaoh ants
  A goliath frog (Lair:5)
  2 sun moths (Spider:4)
  3 skysharks
  3 skeletal warriors (D:13)
  11 orb spiders
  A glowing orange brain (Abyss:2)
  Lodul (D:13)
  32 deep trolls
  A wizard (Vaults:1)
  8 bog bodies (Shoals:2)
  2 phantasmal warriors
  11 sea snakes
  27 ironbound convokers
  A steelbarb worm (shapeshifter) (Vaults:5)
  9 deep elf archers
  8 steelbarb worms
  8 lindwurms
  13 harpies
  A necromancer (Vaults:1)
  14 deep elf zephyrmancers
  25 deep elf pyromancers
  15 ugly things
  An oklob plant (Lair:4)
  26 wolf spiders
  3 orc sorcerers
  7 orc knights
  11 cyclopes
  A stone giant zombie (Vaults:1)
  A human zombie (Vaults:1)
  A salamander (shapeshifter) (Elf:3)
  2 worldbinders
  16 manticores
  11 fauns
  11 vault sentinels
  A human skeleton (Vaults:1)
  A moth of wrath (Spider:2)
  10 merfolk sirens
  A guardian serpent (shapeshifter) (Vaults:5)
  5 guardian serpents (Desolation)
  An elephant (shapeshifter) (D:15)
  4 gargoyles
  5 demonic crawlers
  3 smoke demons
  A black mamba (Lair:4)
  3 torpor snails
  27 slime creatures
  2 molten gargoyles (Desolation)
  19 cane toads
  An eye of devastation (Abyss:2)
  5 unseen horrors
  2 water nymphs (Shoals:2)
  4 komodo dragons
  36 yaktaurs
  3 rime drakes
  A kobold demonologist (D:12)
  2 freezing wraiths
  A tengu conjurer (D:15)
  A red devil (Abyss:2)
  6 meliai
  4 wind drakes
  A harpy zombie (Abyss:4)
  2 tyrant leeches (Lair:5)
  2 queen bees (shapeshifter)
  9 trolls
  A polar bear (Lair:4)
  25 merfolk
  22 tarantellas
  35 blink frogs
  10 raiju
  87 saltlings (Desolation)
  7 snapping turtles
  10 dream sheep
  25 jumping spiders
  7 large abominations
  4 ynoxinuls
  An ettin skeleton (Vaults:1)
  Sigmund (D:5)
  4 shadows
  19 culicivoras
  8 water elementals
  4 wyverns
  30 yaks
  3 wraiths
  3 vampires
  A basilisk (Lair:3)
  A yak (shapeshifter) (Vaults:5)
  2 fire elementals
  4 starcursed masses (Abyss:2)
  12 vampire mosquitoes
  7 hogs (D:14)
  61 redbacks
  A chaos spawn (Abyss:2)
  5 wargs
  11 water moccasins
  4 acid dragons
  31 orc warriors
  An ice beast (D:5)
  A black bear (D:7)
  5 small abominations
  13 ogres
  10 centaurs
  2 phantoms (D:6)
  4 kobold brigands
  3 earth elementals
  14 bullfrogs
  3 gnoll sergeants
  A scorpion (D:6)
  5 wights
  9 killer bees
  6 electric eels
  5 howler monkeys
  A quasit (Abyss:3)
  2 hounds
  A jelly (D:7)
  20 orc priests
  3 iguanas
  20 orc wizards
  3 sleepcaps
  15 gnolls
  7 adders
  2 shadow imps (D:7)
  3 white imps
  2 ufetubi
  3 worms
  3 dart slugs
  82 orcs
  9 ball pythons
  4 endoplasms
  6 giant cockroaches
  10 goblins
  5 hobgoblins
  3 jackals (D:2)
  4 quokkas
  4 bats
  4 frilled lizards
  22 kobolds
  4 rats
  14 butterflies (Vaults:2)
  A lurking horror (Abyss:2)
  3 starspawn tentacles
  A tentacle (Shoals:2)
1624 creatures vanquished.

Vanquished Creatures (collateral kills)
  Donald (Vaults:2)
  A stone giant (Vaults:5)
  A deep elf death mage (Elf:3)
  A deep elf high priest (Elf:3)
  A two-headed ogre (Vaults:5)
  An ironbound frostheart (Vaults:1)
  A pharaoh ant (Spider:1)
  A deep troll (Vaults:1)
  2 wolf spiders (Spider:1)
  A vault sentinel (Vaults:2)
  A torpor snail (Spider:1)
  A redback (Vaults:2)
13 creatures vanquished.

Vanquished Creatures (others)
  A dancing weapon (Elf:2)
  A tengu warrior (D:14)
  A satyr (Shoals:3)
  A wizard (Vaults:4)
  3 deep elf zephyrmancers
  3 fauns (Shoals:3)
  2 saltlings (Desolation)
  A vampire (Vaults:2)
  A golden eye (shapeshifter) (D:14)
  An orc wizard (D:12)
  An orc (Orc:1)
  4 fungi
  106 plants
  7 starspawn tentacles
  8 tentacles
  2 withered plants (Desolation)
143 creatures vanquished.

Grand Total: 1780 creatures vanquished

Notes
Turn   | Place    | Note
-------+----------+-------------------------------------------
     0 | D:1      | bearlyready the Armataur Fighter began the quest for the
                  | Orb.
     0 | D:1      | Reached XP level 1. HP: 19/19 MP: 1/1
   140 | D:1      | Reached skill level 2 in Maces & Flails
   251 | D:1      | Reached XP level 2. HP: 17/26 MP: 2/2
   441 | D:1      | Found a faded altar of an unknown god.
   800 | D:2      | Reached skill level 3 in Maces & Flails
   885 | D:2      | Reached XP level 3. HP: 28/32 MP: 3/3
  1504 | D:2      | Reached skill level 4 in Maces & Flails
  1504 | D:2      | Reached XP level 4. HP: 39/39 MP: 4/4
  2153 | D:3      | Reached XP level 5. HP: 44/44 MP: 5/5
  2693 | D:3      | Reached skill level 5 in Maces & Flails
  2844 | D:4      | Reached XP level 6. HP: 46/53 MP: 6/6
  2853 | D:4      | Reached skill level 6 in Maces & Flails
  3157 | D:4      | Found a white marble altar of Elyvilon.
  3192 | D:4      | Found a staircase to the Ecumenical Temple.
  3208 | Temple   | Entered the Ecumenical Temple
  3443 | D:5      | Entered Level 5 of the Dungeon
  3551 | D:5      | Noticed an ice beast
  3570 | D:5      | Killed an ice beast
  3579 | D:5      | HP: 1/53 [orc/+0 flail (8)]
  3596 | D:5      | Reached skill level 7 in Maces & Flails
  3596 | D:5      | Reached XP level 7. HP: 36/59 MP: 7/7
  3883 | D:5      | Noticed Sigmund
  3899 | D:5      | Killed Sigmund
  4274 | D:5      | Reached skill level 8 in Maces & Flails
  4623 | D:6      | Found a radiant altar of Vehumet.
  4691 | D:6      | Reached XP level 8. HP: 60/66 MP: 8/8
  4792 | D:6      | Reached skill level 9 in Maces & Flails
  5456 | D:7      | Reached skill level 1 in Evocations
  5653 | D:7      | Reached skill level 1 in Throwing
  6016 | D:7      | Reached skill level 10 in Maces & Flails
  6020 | D:7      | Reached XP level 9. HP: 59/72 MP: 9/9
  6082 | D:7      | Found Lykh's Book Boutique.
  6082 | D:7      | Found Zeigg's Antique Armour Boutique.
  6086 | D:7      | Found Kajabowk's Armour Boutique.
  6087 | D:7      | Found Xanu's Assorted Antiques.
  7101 | D:9      | Found a staircase to the Lair.
  7452 | D:9      | Reached skill level 5 in Evocations
  7565 | D:9      | Found a faded altar of an unknown god.
  7565 | D:9      | Found a blossoming altar of Fedhas.
  7572 | D:9      | Found a snail-covered altar of Cheibriados.
  7574 | D:9      | Found a shimmering altar of Xom.
  7576 | D:9      | Found a bloodstained altar of Trog.
  7680 | D:9      | Became a worshipper of Cheibriados the Contemplative
  7740 | D:9      | Found a glowing silver altar of Zin.
  7847 | D:9      | Reached skill level 11 in Maces & Flails
  7862 | D:9      | Reached XP level 10. HP: 39/79 MP: 10/10
  8634 | D:8      | Reached * piety under Cheibriados
  8909 | D:10     | Entered Level 10 of the Dungeon
  9188 | D:10     | Reached skill level 12 in Maces & Flails
  9475 | D:10     | Reached ** piety under Cheibriados
  9657 | D:10     | Found a staircase to the Orcish Mines.
  9965 | D:10     | Found Roun's Assorted Antiques.
 10533 | D:10     | Reached XP level 11. HP: 73/86 MP: 11/11
 10627 | D:11     | Noticed a two-headed ogre
 10637 | D:11     | Killed a two-headed ogre
 10903 | D:11     | Reached *** piety under Cheibriados
 11248 | D:11     | Reached skill level 13 in Maces & Flails
 11353 | D:11     | Noticed a boulder beetle
 11371 | D:11     | Killed a boulder beetle
 11372 | D:11     | Reached skill level 1 in Invocations
 11557 | D:11     | Reached skill level 10 in Evocations
 11865 | D:12     | Noticed a deep elf pyromancer
 11872 | D:12     | Killed a deep elf pyromancer
 12650 | D:12     | Noticed a two-headed ogre
 12661 | D:12     | Killed a two-headed ogre
 12779 | D:12     | You are sucked into a shaft and drop 3 floors!
 12779 | D:15     | Entered Level 15 of the Dungeon
 12780 | D:15     | Identified a scroll of acquirement
 12783 | D:15     | Acquired the +10 tower shield of Ignorance {rN+ Int-4}
 12783 | D:15     | Found the +10 tower shield of Ignorance {rN+ Int-4}
 12833 | D:15     | Noticed a boulder beetle
 12866 | D:15     | Killed a boulder beetle
 13066 | D:15     | Noticed a boulder beetle
 13066 | D:15     | Noticed an eight-headed hydra
 13072 | D:15     | Killed an eight-headed hydra
 13073 | D:15     | Reached XP level 12. HP: 99/99 MP: 13/15
 13087 | D:15     | Noticed a tengu warrior
 13189 | D:15     | Noticed a boulder beetle
 13201 | D:15     | Killed a boulder beetle
 13275 | D:15     | Noticed a boulder beetle
 13307 | D:15     | Killed a boulder beetle
 13308 | D:15     | Reached skill level 5 in Fighting
 13308 | D:15     | Reached skill level 5 in Shields
 13375 | D:15     | Reached **** piety under Cheibriados
 13639 | D:15     | Reached skill level 5 in Invocations
 13966 | D:15     | Found a staircase to the Depths.
 13968 | D:15     | a mana viper changed into a broodmother
 13968 | D:15     | Noticed a broodmother (glowing shapeshifter)
 13969 | D:15     | a broodmother changed into a goliath frog
 13971 | D:15     | a tyrant leech changed into a fire dragon
 13971 | D:15     | Noticed a fire dragon (glowing shapeshifter)
 13972 | D:15     | a fire dragon changed into a swamp worm
 14041 | D:14     | Noticed a centaur warrior
 14056 | D:14     | Killed a centaur warrior
 14237 | D:14     | Noticed Kirke
 14246 | D:14     | Reached skill level 14 in Maces & Flails
 14266 | D:14     | Killed Kirke
 14419 | D:14     | Identified Roxanne's Codex of Terrain
 14419 | D:14     | Noticed Roxanne
 14521 | D:14     | Found a gate to the Vaults.
 14526 | D:14     | Noticed a tengu warrior
 14528 | D:14     | Noticed a tengu warrior
 14544 | D:14     | Killed a tengu warrior
 14546 | D:14     | Killed a tengu warrior
 14881 | D:13     | Reached XP level 13. HP: 111/111 MP: 18/18
 14898 | D:13     | Noticed Urug
 14912 | D:13     | Killed Urug
 15124 | D:13     | Found a transporter.
 15124 | D:13     | Noticed pigah's ghost (adept OpWn)
 15126 | D:13     | Identified the +5 giant spiked club "Cagiag" {vamp, Str+2}
 15126 | D:13     | Noticed an ettin
 15127 | D:13     | Found a transporter.
 15131 | D:13     | Noticed Lodul
 15204 | D:13     | Killed Lodul
 15522 | D:13     | Noticed Rupert
 15522 | D:13     | Paralysed by Rupert for 2 turns
 15659 | D:12     | Found Cheibriados's Comfort Zone.
 15661 | D:12     | Found a snail-covered altar of Cheibriados.
 15668 | D:12     | Bought the +10 Black Knight's barding {ponderous, rPois
                  | rN+} for 887 gold pieces
 15668 | D:12     | Found the +10 Black Knight's barding {ponderous, rPois rN+}
 16157 | D:12     | Reached skill level 15 in Maces & Flails
 16157 | D:12     | Reached XP level 14. HP: 124/124 MP: 18/20
 16157 | D:12     | Reached XP level 15. HP: 131/131 MP: 18/21
 16238 | Lair:1   | Entered Level 1 of the Lair of Beasts
 16366 | Lair:1   | Reached skill level 10 in Shields
 16569 | Lair:1   | Reached ***** piety under Cheibriados
 16968 | Lair:1   | Identified the +1 falchion "Gocsyfit" {drain, Contam *Slow
                  | Str+3 Dex+7}
 17253 | Lair:2   | Noticed Harold
 17263 | Lair:2   | Killed Harold
 17453 | Lair:2   | Learned a level 3 spell: Frozen Ramparts
 17458 | Lair:2   | Learned a level 4 spell: Olgreb's Toxic Radiance
 17703 | Lair:2   | Found a hole to the Spider Nest.
 18075 | Lair:3   | You are sucked into a shaft and drop 1 floor!
 18094 | Lair:4   | Reached skill level 5 in Armour
 19311 | Lair:5   | Entered Level 5 of the Lair of Beasts
 19575 | Lair:5   | Noticed an acid blob
 19575 | Lair:5   | Noticed an acid blob
 19575 | Lair:5   | Found a runed translucent door.
 19575 | Lair:5   | Found a staircase to the Slime Pits.
 19724 | Lair:5   | Reached ****** piety under Cheibriados
 19735 | Lair:5   | Reached XP level 16. HP: 62/143 MP: 16/22
 19740 | Lair:5   | Reached skill level 10 in Fighting
 19768 | Lair:5   | Found a dark tunnel.
 20072 | Lair:3   | Found a staircase to the Shoals.
 20528 | Lair:3   | Found a hide-covered altar of Uskayaw.
 20768 | Lair:5   | Identified the +1 robe "Nutea" {Slay+3}
 21107 | Orc:1    | Entered Level 1 of the Orcish Mines
 21111 | Orc:1    | Found Omafryonn's Weapon Emporium.
 21157 | Orc:1    | Reached skill level 16 in Maces & Flails
 21953 | Orc:2    | Entered Level 2 of the Orcish Mines
 21959 | Orc:2    | Found Ebuoliph's General Store.
 21999 | Orc:2    | Noticed Jorgrun
 22027 | Orc:2    | Killed Jorgrun
 22257 | Orc:2    | Found Totsatyj's Antique Weapon Emporium.
 22281 | Orc:2    | Found a staircase to the Elven Halls.
 22287 | Orc:2    | Found Koihirch's Weapon Shoppe.
 22337 | Orc:2    | Found Ceus's Antique Armour Shoppe.
 22505 | Orc:2    | Found Cohoc's Jewellery Shop.
 23085 | Orc:2    | Bought a scroll of fear for 64 gold pieces
 23085 | Orc:2    | Bought a scroll of blinking for 120 gold pieces
 23085 | Orc:2    | Bought a scroll of magic mapping for 120 gold pieces
 23655 | D:13     | Killed pigah's ghost
 24766 | Spider:1 | Entered Level 1 of the Spider Nest
 25696 | Spider:1 | Reached skill level 10 in Armour
 25787 | Spider:1 | Identified the +3 ring mail of Atheism {rF- Regen+ Dex+3}
 26298 | Spider:2 | Noticed Arachne
 26325 | Spider:2 | Killed Arachne
 26597 | Spider:2 | Reached XP level 17. HP: 113/154 MP: 7/23
 26741 | Shoals:1 | Entered Level 1 of the Shoals
 27001 | Abyss:2  | Cast into level 2 of the Abyss (merfolk)
 27270 | Abyss:2  | Upgraded the game from 0.30-a0-939-gc8157cb160 to
                  | 0.30-a0-948-g4fa250aae5
 27483 | Abyss:2  | Found a corrupted altar of Lugonu.
 27530 | Abyss:2  | Noticed a lich
 27536 | Abyss:2  | Killed a lich
 27565 | Abyss:2  | Reached skill level 17 in Maces & Flails
 27820 | Shoals:1 | Escaped the Abyss
 28594 | Shoals:2 | Found Wutinigee's Antique Armour Shop.
 28889 | Shoals:2 | Noticed Ilsuiw
 28937 | Shoals:2 | Killed Ilsuiw
 29553 | Shoals:2 | Identified the amulet "Dievoig" {Acrobat Contam rPois rF++
                  | Slay+5}
 29873 | Shoals:2 | Noticed a kraken
 29887 | Shoals:2 | Killed a kraken
 30246 | Shoals:3 | Noticed a kraken
 30256 | Shoals:3 | Killed a kraken
 30576 | Shoals:3 | Found Reoxuvess's Antique Armour Emporium.
 31450 | Shoals:3 | Noticed Nikola
 31468 | Shoals:3 | Killed Nikola
 31894 | Shoals:4 | Entered Level 4 of the Shoals
 32305 | Shoals:4 | Reached XP level 18. HP: 95/166 MP: 24/24
 32477 | Shoals:4 | Paralysed by a sphinx for 2 turns
 32628 | Shoals:4 | Reached skill level 15 in Shields
 33138 | Shoals:4 | Got a barnacled rune of Zot
 33164 | Shoals:4 | Identified the staff of poison "Vaojaedgh" {rPois Int+2}
 33270 | Shoals:4 | Paralysed by a sphinx for 5 turns
 33299 | Shoals:4 | Identified the +9 long sword of Tudaafub {chaos, rN+ Str-5
                  | Int+3 Dex+4}
 34011 | Spider:2 | Reached skill level 18 in Maces & Flails
 34180 | Spider:2 | Reached skill level 1 in Dodging
 35478 | Spider:4 | Entered Level 4 of the Spider Nest
 35595 | Spider:4 | Noticed Mlioglotl
 35609 | Spider:4 | Killed Mlioglotl
 36573 | Spider:4 | Got a gossamer rune of Zot
 37132 | Elf:1    | Entered Level 1 of the Elven Halls
 37163 | Abyss:3  | Cast into level 3 of the Abyss (a deep elf sorcerer)
 37285 | Abyss:3  | Reached XP level 19. HP: 171/177 MP: 25/25
 37290 | Abyss:3  | Found a corrupted altar of Lugonu.
 37517 | Elf:1    | Escaped the Abyss
 37528 | Elf:1    | Noticed Louise
 37545 | Elf:1    | Killed Louise
 37547 | Elf:1    | Reached skill level 5 in Throwing
 37713 | Elf:1    | Found Haodillo's Distillery.
 37739 | Elf:1    | Bought a potion of mutation for 112 gold pieces
 37739 | Elf:1    | Bought a potion of heal wounds for 70 gold pieces
 37739 | Elf:1    | Bought a potion of heal wounds for 70 gold pieces
 37739 | Elf:1    | Bought a potion of curing for 42 gold pieces
 37739 | Elf:1    | Bought a potion of curing for 42 gold pieces
 37745 | Elf:1    | Found Mues's Weapon Boutique.
 37861 | Elf:1    | Found Nisu's Book Shop.
 38403 | Elf:1    | Found Koxta's Antique Weapon Boutique.
 38830 | Elf:2    | Reached skill level 15 in Armour
 39125 | Elf:2    | Found Binyger's Magic Scroll Emporium.
 39166 | Elf:2    | Found a runed translucent gate.
 39167 | Elf:2    | Found a runed translucent gate.
 39167 | Elf:2    | Found a runed translucent gate.
 40394 | Elf:3    | Entered Level 3 of the Elven Halls
 40458 | Elf:2    | Bought a scroll of enchant armour for 82 gold pieces
 40458 | Elf:2    | Bought a scroll of teleportation for 33 gold pieces
 40458 | Elf:2    | Bought a scroll of teleportation for 33 gold pieces
 40458 | Elf:2    | Bought a scroll of teleportation for 33 gold pieces
 40490 | Elf:3    | Reached skill level 5 in Dodging
 41058 | Elf:3    | Noticed a Brimstone Fiend
 41332 | Elf:3    | Found a portal to a secret trove of treasure.
 41707 | Elf:3    | Identified the +4 rapier of Taxation {speed, rPois Will+}
 41980 | Elf:3    | Noticed a Tzitzimitl
 41984 | Elf:3    | Reached XP level 20. HP: 70/188 MP: 26/26
 42015 | Elf:3    | Reached skill level 19 in Maces & Flails
 42297 | Elf:3    | Identified the +5 plate armour "Putoung" {Str+2 Dex+2}
 42405 | Elf:3    | Identified the +7 falchion "Muoruck" {pain, rPois rCorr
                  | Int+3}
 42413 | Elf:3    | Got Ustey's Book of the Tempest and Pollution
 42433 | Elf:3    | Identified the +0 plate armour "Ceng" {Harm *Corrode rC+
                  | Dex+9}
 42442 | Elf:3    | Identified the staff of poison "Hahumus" {rPois rN+ Str+6}
 42477 | Elf:3    | Identified the +0 rapier of the Scorned {freeze, SInv}
 42910 | Vaults:1 | Entered Level 1 of the Vaults
 43233 | Vaults:1 | Reached skill level 15 in Fighting
 43531 | Vaults:1 | Found Juovvatu's Antique Armour Shoppe.
 43534 | Vaults:1 | Found Fatz's Antique Armour Emporium.
 43544 | Vaults:1 | Bought a pair of crude gloves for 399 gold pieces
 43544 | Vaults:1 | Identified the +2 pair of gloves of Ceklufo {rF- Int+4}
                  | (You bought it in a shop on level 1 of the Vaults)
 43683 | Vaults:1 | Paralysed by a great orb of eyes for 5 turns
 44202 | Vaults:1 | Found Soxap's Jewellery Boutique.
 44204 | Vaults:1 | Found Guno's Distillery.
 44212 | Vaults:1 | Bought a potion of resistance for 160 gold pieces
 44212 | Vaults:1 | Bought a potion of heal wounds for 80 gold pieces
 44212 | Vaults:1 | Bought a potion of curing for 48 gold pieces
 44212 | Vaults:1 | Bought a potion of curing for 48 gold pieces
 44212 | Vaults:1 | Bought a potion of curing for 48 gold pieces
 44213 | Vaults:1 | Found Vucoddul's Antique Weapon Emporium.
 44583 | Vaults:2 | Learned a level 2 spell: Wereblood
 44612 | Vaults:2 | Noticed Asterion
 44628 | Vaults:2 | Killed Asterion
 44666 | Vaults:2 | Noticed Donald
 44673 | Vaults:2 | Killed Donald
 44676 | Vaults:2 | Reached skill level 1 in Transmutations
 44679 | Vaults:2 | Identified the +1 robe of Inevitability {MP+9 Int+4 Dex+3
                  | Stlth+}
 44691 | Vaults:2 | Reached skill level 1 in Spellcasting
 45356 | Vaults:2 | Noticed Xtahua
 45364 | Vaults:2 | Killed Xtahua
 45536 | Vaults:2 | Found a huge runed gate.
 45536 | Vaults:2 | Found a huge runed gate.
 45536 | Vaults:2 | Found a huge runed gate.
 45536 | Vaults:2 | Found a huge runed gate.
 45536 | Vaults:2 | Found a huge runed gate.
 45536 | Vaults:2 | Found a huge runed gate.
 45537 | Vaults:2 | Found a huge runed gate.
 45537 | Vaults:2 | Found a huge runed gate.
 45538 | Vaults:2 | Found a huge runed gate.
 45538 | Vaults:2 | Found a huge runed gate.
 45547 | Vaults:2 | Found a huge runed gate.
 45547 | Vaults:2 | Found a huge runed gate.
 45547 | Vaults:2 | Found a huge runed gate.
 45547 | Vaults:2 | Found a huge runed gate.
 45547 | Vaults:2 | Found a huge runed gate.
 45547 | Vaults:2 | Found a huge runed gate.
 45548 | Vaults:2 | Found a huge runed gate.
 45549 | Vaults:2 | Found a huge runed gate.
 45550 | Vaults:2 | Found a huge runed gate.
 45558 | Vaults:2 | Found a huge runed gate.
 45558 | Vaults:2 | Found a huge runed gate.
 45558 | Vaults:2 | Found a huge runed gate.
 45558 | Vaults:2 | Found a huge runed gate.
 45558 | Vaults:2 | Found a huge runed gate.
 45558 | Vaults:2 | Found a huge runed gate.
 45559 | Vaults:2 | Found a huge runed gate.
 45560 | Vaults:2 | Found a huge runed gate.
 45561 | Vaults:2 | Found a huge runed gate.
 45569 | Vaults:2 | Found a huge runed gate.
 45569 | Vaults:2 | Found a huge runed gate.
 45569 | Vaults:2 | Found a huge runed gate.
 45569 | Vaults:2 | Found a huge runed gate.
 45569 | Vaults:2 | Found a huge runed gate.
 45569 | Vaults:2 | Found a huge runed gate.
 45570 | Vaults:2 | Found a huge runed gate.
 45571 | Vaults:2 | Found a huge runed gate.
 45752 | Vaults:2 | Found a staircase to the Crypt.
 45964 | Vaults:2 | Found the amulet of the Four Winds {rN+ Will+++ Clar}
 46105 | Vaults:3 | Reached XP level 21. HP: 197/197 MP: 25/27
 46234 | Vaults:3 | Found a crumbling gateway.
 46238 | Desolati | Entered the Desolation of Salt
 46827 | Desolati | Identified the +7 hand crossbow "Nuopan" {drain, Str+5}
 46860 | Desolati | Reached skill level 5 in Transmutations
 46874 | Desolati | Identified the ring "Asaepow" {Ice Str+3 Dex+3}
 46916 | Desolati | Identified the +6 morningstar of Eternal Vigilance {heavy,
                  | Will+ Int+3}
 46925 | Desolati | Got Sif Muna's Compilation of Algid Fire
 46928 | Desolati | Identified the +11 shortbow of Day {flame, rF+ rC+ SInv}
 47098 | Desolati | Identified the +1 mace of Mourning {heavy, Contam rN++
                  | Int+4 SInv}
 47100 | Desolati | Identified the +4 leather armour "Xirozas" {Will+ Str+7}
 47166 | Desolati | Reached skill level 5 in Spellcasting
 47239 | Desolati | Identified the ring of Wic Zamo {Fire Will+ MP+9 Str-2
                  | Int+5}
 47241 | Desolati | Identified the +13 plate armour of the First Snow {-Tele
                  | Harm rF+ Str+3}
 47490 | Desolati | Identified the +3 glaive of Awkwardness {heavy, Str+3}
 47544 | Desolati | Identified the +4 ring mail "Syttelu" {Harm Rampage rC+
                  | Str+2 Stlth-}
 47548 | Desolati | Got the Enchiridion on Electric Cinders
 47565 | Desolati | Got the Almanac of the Neverending Shrikes
 47598 | Desolati | Found the +3 greatsling "Punk" {acid, rCorr}
 47603 | Desolati | Got the Exposition on the Tesseract and the Boggart
 48395 | Vaults:3 | Got Sif Muna's Handbook of Foggy Position
 49188 | Vaults:4 | Found Xaibo's Magic Scroll Emporium.
 49197 | Vaults:4 | Bought a scroll of fear for 60 gold pieces
 49197 | Vaults:4 | Bought a scroll of teleportation for 45 gold pieces
 49197 | Vaults:4 | Bought a scroll of blinking for 112 gold pieces
 49197 | Vaults:4 | Bought a scroll of magic mapping for 112 gold pieces
 49270 | Vaults:4 | Reached XP level 22. HP: 121/208 MP: 31/31
 49426 | Vaults:4 | Acquired the +2 pair of gloves of Hadjma {Regen+}
 49570 | Vaults:4 | Identified the staff of cold "Osig" {Fragile rPois rF++
                  | rC+}
 50026 | Vaults:4 | Reached skill level 20 in Maces & Flails
 50261 | Vaults:5 | Entered Level 5 of the Vaults
 50274 | Vaults:5 | Noticed a golden dragon
 50295 | Vaults:5 | Killed a golden dragon
 50302 | Vaults:5 | Noticed a dread lich
 50312 | Vaults:5 | HP: 7/316 [tengu reaver/bolt of lightning (34)]
 50315 | Vaults:5 | Killed from afar by a balrug

Illustrated notes

Levels and vault maps discovered:
D:1:      dpeg_cavernosity, layout_basic, chequers_ecumenical_altar_lobes
D:2:      layout_basic
D:3:      layout_basic
D:4:      layout_rooms, mainiacjoe_overflow_alcove_4,
          minmay_temple_entry_junction
D:5:      layout_cave_pods, uniq_sigmund
D:6:      layout_gridville, general_overflow_altar
D:7:      layout_basic, minmay_shop_grid_forest, minivault_11
D:8:      layout_rooms
D:9:      layout_loops_corners, marbit_many_paths,
          chequers_temple_overflow_minitemple, dpeg_oklobed_lair
D:10:     layout_roguey, david_orc_1_choice, serial_shops, shop_statue,
          minmay_misc_feat_square, serial_bayou_ford_a, nicolae_benzene_ring
D:11:     layout_gridville, roderic_lattice_a
D:12:     layout_gridville, nrook_pool_corridor, hex_medium, minmay_shop_chei,
          lightli_fourway_metalbox
D:13:     layout_stronghold, gammafunk_ghost_smash, uniq_urug, uniq_lodul,
          uniq_rupert
D:14:     layout_cross, serial_park, drop_trap, dreamdust_wishing_well,
          uniq_roxanne, uniq_kirke
D:15:     hangedman_depths_entry_try_elsewhere_first, layout_basic,
          chequers_serial_rivers_small_a
Temple:   regret_index_temple_waves
Lair:1:   layout_chaotic_city, grunt_megastairs_4, serial_bayou_shore_b
Lair:2:   layout_cave_shapes, spider_nest_entry_rubble,
          infiniplex_staircase_pool, serial_bayou_shore_b, uniq_harold
Lair:3:   layout_big_grid, minmay_shoals_entry_beasts, lemuel_centaur_altar
Lair:4:   layout_regular_city, minmay_lair_oklob_items
Lair:5:   minmay_lair_end_frog_pond, layout_cave_shapes, slime_entry_2,
          nicolae_volcano_entry_hallway
Shoals:1: layout_shoals
Shoals:2: layout_shoals, serial_shops, nicolae_stop_n_shop_1,
          nicolae_shoals_secluded_bog, uniq_ilsuiw
Shoals:3: layout_shoals, serial_shops, nicolae_shop_trees, uniq_nikola
Shoals:4: shoals_end_hellmonk_lost_city
Spider:1: layout_spider_delve
Spider:2: layout_spider_delve, hangedman_spider_tarantella_strand, uniq_arachne
Spider:3: layout_spider_delve
Spider:4: guppyfry_spider_rune, drop_trap, uniq_mlioglotl
Orc:1:    layout_diamond_mine, serial_shops, shop, library_closet
Orc:2:    grunt_orc_gardens, layout_diamond_mine, grunt_orc_garden,
          grunt_orc_garden, grunt_orc_garden, grunt_orc_garden, serial_shops,
          nicolae_shop_bloodbath_and_beyond, uniq_jorgrun
Elf:1:    layout_geoelf_octagon, serial_shops, nicolae_shop_crystal, shop,
          nicolae_shop_competitors_out_of_business, nicolae_shop_statue_plus,
          st_stairs_12, uniq_louise
Elf:2:    nicolae_elf_blades_crystal_corner, layout_loops_cross, serial_shops,
          nicolae_take_the_stairs
Elf:3:    minmay_elf_hall_four_x, layout_geoelf_octagon,
          nicolae_trove_entry_diagonal, nicolae_elf_w_pinch
Vaults:1: vaults_room_fours, v_misc_27, hangedman_vaults_capsules, v_rooms_3,
          vaults_mumra_minichess_inversion, v_misc_12,
          grunt_vaults_hallway_short, vaults_dpeg_ring, v_misc_13,
          vaults_dpeg_emergency_exit, ontoclasm_vaults_claustrophobia,
          nicolae_vaults_holding_cells, ontoclasm_vaults_pinch,
          vaults_room_door_ring, layout_vaults_maze_bifur, serial_shops, shop,
          shop, shop, shop, shop
Vaults:2: special_room_vaults [special_room_orc], grunt_vaults_hallway_short,
          minmay_crypt_entry_vampire_xt, v_misc_16, v_misc_16,
          not_door_vault_mu, nicolae_vaults_little_squares_4, v_misc_17,
          hangedman_vaults_trim, ontoclasm_vaults_ring_square, vaults_mumra_lcd,
          grunt_vaults_focal, layout_vaults_omnicross, uniq_donald,
          uniq_asterion, uniq_xtahua
Vaults:3: portal_desolation_entry_nicolae_forbidding_blocks,
          hangedman_vaults_snaps, ontoclasm_vaults_fault, v_pattern_1,
          v_misc_23, hangedman_vaults_impose, ontoclasm_vaults_decontamination,
          layout_vaults_omnigrid
Vaults:4: vaults_mumra_hexcomb, hangedman_vaults_impose, nicolae_vaults_arrows,
          vaults_room_grid, grunt_vaults_bifocal, v_alt_pattern_2,
          vaults_standard_mumra_x, vaults_standard_mumra_lines,
          vaults_room_grid, grunt_vaults_twisty, grunt_vaults_hallway_short,
          ontoclasm_vaults_loading_screen, nicolae_vaults_theta,
          nicolae_vaults_angled_halls, ontoclasm_vaults_twist,
          layout_vaults_omnibox, serial_shops, nicolae_lakefront_shop
Vaults:5

Skill      XL: |  1  2  3  4  5  6  7  8  9 10 11 12 13 14 15 16 17 18 19 20 21 22 |
---------------+-------------------------------------------------------------------+-----
Maces & Flails | 2 3 4 5 7 8 10 11 12 13 14 15 16 17 18 19 20 | 20.3
Evocations     | 3 6 9 10 | 10.3
Throwing       | 2 4 6 8 9 |  9.2
Fighting       | 4 6 8 9 11 12 13 14 15 16 | 16.6
Invocations    | 4 6 9 |  9.0
Shields        | 4 7 9 11 13 14 16 17 18 | 18.9
Armour         | 7 10 12 14 15 17 18 | 18.2
Dodging        | 3 5 |  5.0
Transmutations | 3 7 8 |  8.7
Spellcasting   | 2 6 7 |  7.0

Action                     |  1- 3 |  4- 6 |  7- 9 | 10-12 | 13-15 | 16-18 | 19-21 | 22-24 || total
---------------------------+-------+-------+-------+-------+-------+-------+-------+-------++-------
  Melee: Flail             |   101 |     8 |   275 |   693 |   200 |       |       |       ||  1277
         Tailslap          |     8 |    16 |    56 |   147 |   118 |   403 |   345 |    28 ||  1121
         Mace              |       |   184 |   118 |       |       |       |       |       ||   302
         Unarmed           |       |       |       |     5 |       |       |       |       ||     5
         Morningstar       |       |       |       |       |   355 |  1808 |  1502 |    94 ||  3759
  Throw: Dart              |       |       |     3 |    21 |     3 |       |       |       ||    27
         Throwing net      |       |       |       |     6 |     2 |     6 |     6 |       ||    20
         Stone             |       |       |       |       |     1 |       |       |       ||     1
         Boomerang         |       |       |       |       |    17 |    15 |    19 |       ||    51
         Javelin           |       |       |       |       |       |     4 |    40 |     9 ||    53
   Cast: Wereblood         |       |       |       |       |       |       |    13 |     3 ||    16
 Invoke: Slouch            |       |       |       |     3 |     2 |    12 |    16 |     8 ||    41
  Evoke: Wand              |       |     2 |     7 |    34 |    15 |    37 |     5 |       ||   100
         Box of beasts     |       |       |       |       |       |     3 |     2 |       ||     5
         Lightning rod     |       |       |       |       |       |    11 |    17 |       ||    28
         Phantom mirror    |       |       |       |       |       |     1 |     3 |       ||     4
         Tin of tremorston |       |       |       |       |       |       |     8 |     4 ||    12
         Phial of floods   |       |       |       |       |       |       |     1 |       ||     1
    Use: Potion            |     2 |     3 |     1 |     5 |     2 |     6 |    11 |     2 ||    32
         Scroll            |       |       |     9 |    14 |     9 |     7 |     9 |     2 ||    50
   Stab: Paralysed         |       |       |       |    33 |     2 |     8 |       |       ||    43
         Held in net/web   |       |       |       |     2 |     1 |       |     1 |       ||     4
         Sleeping          |       |       |       |     1 |       |       |       |       ||     1
         Distracted        |       |       |       |       |       |     1 |       |       ||     1
         Confused          |       |       |       |       |       |     2 |       |       ||     2
 Armour: Scale mail        |    62 |   133 |   135 |       |   186 |   221 |       |       ||   737
         Leather armour    |       |       |   140 |   335 |     6 |       |       |       ||   481
         Chain mail        |       |       |       |       |       |   864 |   141 |       ||  1005
         Plate armour      |       |       |       |       |       |       |   565 |   137 ||   702
  Dodge: Dodged            |    33 |    63 |   138 |   193 |    82 |   352 |   411 |    31 ||  1303
  Block: Buckler           |    30 |    31 |    85 |    87 |       |       |       |       ||   233
         Tower shield      |       |       |       |   254 |   800 |  3023 |  2464 |   211 ||  6752

Table legend: (Time is in decaauts)
 A = Elapsed time spent in this place.
 B = Non-inter-level travel time spent in this place.
 C = Inter-level travel time spent in this place.
 D = Time resting spent in this place.
 E = Time spent auto-exploring this place.
 F = Levels seen in this place.
 G = Mean time per level.
                   A        B        C        D        E       F      G
               +--------+--------+--------+--------+--------+-----+--------+
         Total |  71886 |  66602 |   5284 |   2877 |  51413 |  43 | 1671.8 |
       Dungeon |  21857 |  19872 |   1985 |    860 |  15319 |  15 | 1457.1 |
        Temple |    139 |    101 |     38 |      0 |     75 |   1 |  139.0 |
          Lair |   9206 |   7569 |   1637 |    343 |   6100 |   5 | 1841.2 |
        Shoals |   8949 |   8648 |    301 |    840 |   6453 |   4 | 2237.2 |
   Spider Nest |   6833 |   6562 |    271 |     12 |   5309 |   4 | 1708.2 |
  Orcish Mines |   3469 |   3094 |    375 |      0 |   2707 |   2 | 1734.5 |
   Elven Halls |   7881 |   7548 |    333 |    514 |   5507 |   3 | 2627.0 |
        Vaults |   9651 |   9309 |    342 |    239 |   7451 |   5 | 1930.2 |
         Abyss |   1633 |   1633 |      0 |      0 |   1096 |   3 |  544.3 |
    Desolation |   2265 |   2265 |      0 |     67 |   1392 |   1 | 2265.0 |
               +--------+--------+--------+--------+--------+-----+--------+

Top non-repeatable levels by time:
   Elf:3: 3415 daAuts
Shoals:3: 2639 daAuts
   Elf:2: 2570 daAuts
  Lair:4: 2566 daAuts
Vaults:4: 2526 daAuts
Vaults:2: 2441 daAuts
    D:10: 2398 daAuts
Vaults:1: 2348 daAuts
Shoals:4: 2348 daAuts
Shoals:2: 2307 daAuts
    D:15: 2299 daAuts
Vaults:3: 2286 daAuts
Desolation: 2265 daAuts
    D:13: 2221 daAuts
    D:14: 2161 daAuts
